 Dungeon Crawl Stone Soup version 0.17-a0-1946-gfb768fe (webtiles) character file.

23 hansproleman the Skirmisher (level 2, 0/27 HPs)
             Began as a Minotaur Berserker on Oct 1, 2015.
             Was a Believer of Trog.
             Killed from afar by Robin (8 damage)
             ... with a wand of frost
             ... while paralysed
             ... on level 2 of the Dungeon.
             The game lasted 00:03:31 (575 turns).

hansproleman the Skirmisher (Minotaur Berserker)     Turns: 575, Time: 00:03:31

Health: 0/27       AC:  5    Str: 21    XL:     2   Next: 75%
Magic:  1/1        EV:  2    Int:  4    God:    Trog [**....]
Gold:   46         SH:  0    Dex:  9    Spells: 0 memorised, 1 level left

rFire  . . .     SeeInvis .     a - +0 mace
rCold  . . .     Clarity  .     d - +0 ring mail
rNeg   . . .     SustAt   .     (no shield)
rPois  .         Gourm    .     (helmet restricted)
rElec  .         Spirit   .     (no cloak)
rCorr  .         Warding  .     (no gloves)
rMut   .         Stasis   .     (no boots)
MR     .....                    (no amulet)
Stlth  ..........               (no ring)
                                (no ring)

@: paralysed, exhausted, slowed, not resistant to hostile enchantments,
extremely unstealthy
A: retaliatory headbutt, horns 2
a: Burn Spellbooks, Berserk, Trog's Hand, Renounce Religion


You were on level 2 of the Dungeon.
You worshipped Trog.
Trog was pleased with you.
You were not hungry.

You visited 1 branch of the dungeon, and saw 2 of its levels.

You collected 46 gold pieces.

Inventory:

Hand weapons
 a - a +0 mace (weapon)
Missiles
 m - 9 arrows
Armour
 b - a +0 animal skin
 d - a +0 ring mail (worn)
Scrolls
 e - a scroll of remove curse {unknown}
 j - a scroll of amnesia {unknown}
 l - a scroll of teleportation {unknown}
Potions
 f - a potion of haste
 h - a potion of heal wounds {unknown}
 i - a potion of magic {unknown}
Comestibles
 c - 3 bread rations
 g - a beef jerky
 k - a meat ration


   Skills:
 + Level 4.2 Fighting
 + Level 4.1 Maces & Flails
 + Level 2.7 Armour
 + Level 2.3 Dodging


You had one spell level left.
You didn't know any spells.

Dungeon Overview and Level Annotations

Branches:
Dungeon (2/15)

Altars:

Annotations:
D:2 Robin


Innate Abilities, Weirdness & Mutations

You reflexively headbutt those who attack you in melee.
You have a pair of horns on your head.


Message History

You kill the goblin!
Trog accepts your kill. Robin throws the goblin at you!
The giant newt closely misses you.
You closely miss the goblin. Your headbutt misses the goblin.
The adder bites you but does no damage. The goblin hits you but does no damage.
Robin zaps a wand.
The puff of frost hits you!
It is a wand of frost.
A worm comes into view.
You barely miss the goblin. The adder barely misses you.
You furiously retaliate!
You headbutt the adder! The giant newt barely misses you.
Robin hits you with a short sword. The goblin hits you but does no damage.
You are no longer berserk.
You pass out from exhaustion.
You feel yourself slow down. Robin hits you with a short sword.
* * * LOW HITPOINT WARNING * * *
A hobgoblin comes into view. It is wielding a club.
The hobgoblin shouts!
The adder completely misses you. The goblin hits you but does no damage.
Robin zaps a wand.
The puff of frost hits you!
You die...

#.........
###........
g.........#
w#........###
#...........
#....S....##
#..g.g...#
#.gSl.#
##†@g## +...+
#...# ......
......##
........#
........#
.......##


You could see a worm, Robin, 2 adders, a hobgoblin, 3 goblins and a giant newt.

Vanquished Creatures
  A giant cockroach (D:1)
  2 hobgoblins (D:2)
  2 kobolds (D:1)
  3 bats (D:1)
  A giant gecko (D:1)
  2 giant newts (D:1)
  9 goblins
  2 rats (D:1)
22 creatures vanquished.

Notes
Turn   | Place    | Note
--------------------------------------------------------------
     0 | D:1      | hansproleman the Minotaur Berserker began the quest for the Orb.
     0 | D:1      | Reached XP level 1. HP: 19/19 MP: 0/0
   129 | D:1      | Reached skill level 4 in Fighting
   206 | D:1      | Reached XP level 2. HP: 27/27 MP: 1/1
   559 | D:2      | Noticed Robin
   569 | D:2      | Acquired Trog's second power
   575 | D:2      | Killed from afar by Robin

Vault maps used:
D:1:      dpeg_arrival_shelter
D:2:      cheibriados_altar_1, gammafunk_temple_overflow_pools, uniq_robin

Action                   || total
-------------------------++-------
Melee: Mace              ||    27
Invok: Berserk           ||     1
